 Dungeon Crawl Stone Soup version 0.20.1-1-g8b1a95d (webtiles) character file.

608 digijack the Sneak (level 7, -13/45 HPs)
             Began as an Octopode Assassin on Oct 8, 2017.
             Was an Initiate of Dithmenos.
             Mangled by a red ugly thing (21 damage)
             ... on level 8 of the Dungeon.
             The game lasted 00:53:31 (4620 turns).

digijack the Sneak (Octopode Assassin)              Turns: 4620, Time: 00:53:31

Health: -13/45     AC:  1    Str: 11    XL:     7   Next: 43%
Magic:  7/7        EV: 18    Int: 14    God:    Dithmenos [......]
Gold:   636        SH:  5    Dex: 14    Spells: 6/6 levels left

rFire    . . .     SeeInvis .   p - +2 dagger (drain)
rCold    . . .     Gourm    .   (no shield)
rNeg     . . .     Faith    .   (helmet restricted)
rPois    .         Spirit   .   x - +5 amulet of reflection
rElec    .         Reflect  +   w - +5 ring of evasion
rCorr    .         Harm     .   (no ring)
MR       .....                  (no ring)
Stlth    +++++.....             (no ring)
Regen    0.2/turn               (no ring)
MPRegen  0.1/turn               (no ring)
                                (no ring)
                                (no ring)

@: very slightly contaminated
A: almost no armour, stealthy swim, amphibious, 8 rings, constrict 8, camouflage
1, gelatinous body 1
a: Renounce Religion


You were on level 8 of the Dungeon.
You worshipped Dithmenos.
Dithmenos was noncommittal.
You were not hungry.

You visited 2 branches of the dungeon, and saw 7 of its levels.

You collected 674 gold pieces.
You paid 38 gold pieces to Gozag.

Inventory:

Hand Weapons
 b - a +0 blowgun
 m - a +0 hunting sling of freezing
 p - a +2 dagger of draining (weapon)
 A - the +0 longbow of Witsoaci {venom, rF++ MR+ Dex+4}
   (You found it on level 5 of the Dungeon)

   It poisons the ammo it fires.
   It affects your dexterity (+4).
   It greatly protects you from fire.
   It affects your resistance to hostile enchantments.
Missiles
 c - 48 poisoned needles
 d - 2 curare-tipped needles
 g - 195 stones (quivered)
 j - 90 arrows
 k - 66 bolts
 l - 49 sling bullets
Jewellery
 q - an uncursed amulet of regeneration
 w - a +5 ring of evasion (left tentacle)
 x - a +5 amulet of reflection (around mantle)
Scrolls
 i - 2 scrolls of blinking
 n - 3 scrolls of remove curse
 o - 5 scrolls of recharging
 t - 3 scrolls of identify
 y - a scroll of enchant armour
 z - 2 scrolls of teleportation
Potions
 e - a potion of invisibility
 r - a potion of agility
 v - a potion of curing
Comestibles
 f - 2 bread rations
 h - a meat ration
 s - a royal jelly
 u - 2 chunks of flesh


   Skills:
 - Level 2.0 Fighting
 * Level 6.3 Short Blades
 + Level 0.2(2.0) Slings
 * Level 3.3 Throwing
 - Level 1.0 Dodging
 + Level 7.8 Stealth


You had 6 spell levels left.
You didn't know any spells.

Dungeon Overview and Level Annotations

Branches:
Dungeon (5/15)             Temple (1/1) D:4

Altars:
Ashenzari
Cheibriados
Dithmenos
Elyvilon
Fedhas
Gozag
Hepliaklqana
Kikubaaqudgha
Makhleb
Okawaru
Sif Muna
Trog
Vehumet
Zin
The Shining One
Jiyva


Innate Abilities, Weirdness & Mutations

You cannot wear most types of armour.
You are very stealthy in the water. (Stealth+)
You are amphibious.
You can wear up to eight rings at the same time.
You can use your tentacles to constrict eight enemies at once.
Your skin changes colour to match your surroundings (Stealth+).
Your rubbery body absorbs attacks. (AC +1, EV +1)


Message History

Found a royal jelly.
You open the door.
A red ugly thing comes into view.
Gozag incites the red ugly thing against you.
The red ugly thing gurgles horribly!
The red ugly thing goes berserk!
You barely miss the red ugly thing. You grab the red ugly thing.
You constrict the red ugly thing. The red ugly thing kicks you.
You are engulfed in flames!!
Blink to where?
Press: ? - help, Dir - move target cursor You lose your grip on something.
You are very lightly contaminated with residual magic.
As you read the scroll of blinking, it crumbles to dust.
The red ugly thing rages.
Found a stone staircase leading down.
The red ugly thing kicks you!
* * * LOW HITPOINT WARNING * * *
You are engulfed in flames!!
You die...

..# .. #.#
#..... #.#
....... #.#
.......
#.#.#......
######.#$.......
#<....>.........
######@##.......
#......u...####.
#.####.#........
#.#.#..#####
#.#.........
##.#.........
#.............
#.......%....# .
#............#..
.


You could see a red ugly thing (berserk).

Vanquished Creatures
  A phantom (D:5)
  A scorpion (D:5)
  A crimson imp (D:5)
  A jelly (D:4)
  A hound (D:4)
  2 orc wizards (D:4)
  2 orc priests (D:4)
  An iguana (D:4)
  2 worker ants
  A killer bee zombie (D:5)
  The ghost of Irenicus the Ruffian, a weakling VSCK of Xom (D:4)
  7 adders
  A dart slug (D:1)
  2 leopard geckos
  7 orcs (D:4)
  5 bats
  6 giant cockroaches
  3 goblins
  13 hobgoblins
  11 jackals
  A quokka (D:3)
  2 ball pythons
  A frilled lizard (D:4)
  5 kobolds
  A leopard gecko skeleton (D:4)
  A quokka skeleton (D:4)
  4 rats
84 creatures vanquished.

Notes
Turn   | Place    | Note
-------+----------+-------------------------------------------
     0 | D:1      | digijack the Octopode Assassin began the quest for the Orb.
     0 | D:1      | Reached XP level 1. HP: 14/14 MP: 1/1
   116 | D:1      | Reached XP level 2. HP: 19/19 MP: 2/2
   513 | D:1      | Found a snail-covered altar of Cheibriados.
  1101 | D:2      | Found a blossoming altar of Fedhas.
  1156 | D:2      | Reached skill level 6 in Stealth
  1156 | D:2      | Reached XP level 3. HP: 24/24 MP: 3/3
  1477 | D:2      | Found an opulent altar of Gozag.
  1477 | D:2      | Found a radiant altar of Vehumet.
  1484 | D:2      | Became a worshipper of Gozag Ym Sagoz the Greedy
  2243 | D:3      | Reached XP level 4. HP: 23/29 MP: 4/4
  2534 | D:3      | Found an ancient bone altar of Kikubaaqudgha.
  2970 | D:4      | Found a white marble altar of Elyvilon.
  3041 | D:4      | Noticed Irenicus's ghost (weakling VSCK)
  3060 | D:4      | Reached XP level 5. HP: 7/34 MP: 5/5
  3088 | D:4      | Killed Irenicus's ghost
  3324 | D:4      | Reached XP level 6. HP: 29/39 MP: 6/6
  3335 | D:4      | Found a staircase to the Ecumenical Temple.
  3344 | Temple   | Entered the Ecumenical Temple
  3453 | Temple   | Fell from the grace of Gozag
  3453 | Temple   | Became a worshipper of Dithmenos the Shadowed
  3552 | D:4      | Reached skill level 5 in Short Blades
  3552 | D:4      | Reached skill level 7 in Stealth
  4214 | D:5      | Entered Level 5 of the Dungeon
  4404 | D:5      | Reached XP level 7. HP: 45/45 MP: 7/7
  4488 | D:5      | Got a shimmering longbow
  4489 | D:5      | Identified the cursed +0 longbow of Witsoaci {venom, rF++ MR+ Dex+4} (You found it on level 5 of the Dungeon)
  4533 | D:5      | You fall through a shaft for 3 floors!
  4610 | D:8      | Noticed a red ugly thing
  4620 | D:8      | Mangled by a red ugly thing

Skill      XL: |  1  2  3  4  5  6  7 |
---------------+----------------------+-----
Stealth        | 6 7 |  7.8
Short Blades   | 3 4 5 6 |  6.3
Throwing       | 3 |  3.3
Fighting       | |  2.0
Slings         | |  0.2
Dodging        | |  1.0

Action                   |  1- 3 |  4- 6 |  7- 9 || total
-------------------------+-------+-------+-------++-------
Melee: Dagger            |    56 |   115 |    13 ||   184
       Tentacles         |     6 |    22 |     4 ||    32
       Constrict         |    14 |    25 |     3 ||    42
 Fire: Hunting sling     |       |     4 |       ||     4
       Blowgun           |       |     4 |       ||     4
  Use: Scroll            |     8 |     5 |     3 ||    16
       Potion            |     4 |     4 |       ||     8
 Stab: Sleeping          |    14 |     7 |     1 ||    22
       Distracted        |       |     2 |       ||     2
  Eat: Chunk             |     2 |     1 |       ||     3
       Bread ration      |       |     1 |       ||     1
       Fruit             |       |     2 |       ||     2
       Meat ration       |       |     1 |       ||     1
Armor: Skin              |     6 |     4 |     1 ||    11
Dodge: Dodged            |    16 |    58 |     7 ||    81
